 Dungeon Crawl Stone Soup version 0.19-a0-1127-gac58878 (webtiles) character file.

51 epen the Ducker (level 3, -3/17 HPs)
             Began as a Felid Monk on Aug 12, 2016.
             Slain by Jessica
             ... wielding a +1 dagger of electrocution
              (12 damage)
             ... on level 2 of the Dungeon.
             The game lasted 00:01:08 (778 turns).

epen the Ducker (Felid Monk)                         Turns: 778, Time: 00:01:09

Health: -3/17      AC:  1    Str:  7    XL:     3   Next: 58%
Magic:  4/4        EV: 20    Int: 12    God:
Gold:   122        SH:  0    Dex: 18    Spells: 0 memorised, 2 levels left
                                        Lives:  0   Deaths: 0

rFire  . . .     SeeInvis +       - Unarmed
rCold  . . .     Gourm    .     (armour unavailable)
rNeg   . . .     Faith    .     (shield unavailable)
rPois  .         Spirit   .     (helmet unavailable)
rElec  .         Dismiss  .     (cloak unavailable)
rCorr  .         Reflect  .     (gloves unavailable)
SustAt .         Harm     .     (boots unavailable)
MR     .....                    (no amulet)
Stlth  +++.......               (no ring)
                                (no ring)

@: quick
A: no armour, no weapons or thrown items, claws 1, fangs 3, see invisible,
carnivore 3, speed 1, shaggy fur 1, slow metabolism 1, sharp paws
a: no special abilities


You were on level 2 of the Dungeon.
You were very full.

You visited 1 branch of the dungeon, and saw 2 of its levels.

You collected 122 gold pieces.

Inventory:

Scrolls
 b - a scroll of teleportation {unknown}
 c - a scroll of amnesia {unknown}
 e - a scroll of fear {unknown}
 f - a scroll of identify {unknown}
Potions
 g - a potion of curing {unknown}
 h - a potion of ambrosia {unknown}
Comestibles
 a - 2 meat rations
 d - a slice of pizza


   Skills:
 + Level 3.4 Fighting
 + Level 4.5 Dodging
 + Level 3.4 Stealth
 * Level 3.7 Unarmed Combat


You had 2 spell levels left.
You didn't know any spells.

Dungeon Overview and Level Annotations

Branches:
Dungeon (2/15)

Altars:

Annotations:
D:2 Jessica


Innate Abilities, Weirdness & Mutations

You cannot wear armour.
You are incapable of wielding weapons or throwing items.
You have sharp claws.
You have razor-sharp teeth.
You have supernaturally acute eyesight. (SInv)
You are carnivorous and can eat meat at any time.
You cover ground quickly.
You are covered in fur. (AC +1)
You have a slow metabolism.
Your sharp claws are effective at attacking unaware monsters.


Message History

You closely miss Jessica.
Jessica is moderately wounded.
Jessica misses you.
The jackal barks!
You scratch Jessica.
Jessica is moderately wounded.
Jessica gestures at you while chanting. Pain shoots through your body!
You closely miss Jessica.
Jessica is moderately wounded.
Unknown command.
You barely miss Jessica.
Jessica is moderately wounded.
Jessica barely misses you.
You scratch Jessica. You bite Jessica.
Jessica is almost dead.
Jessica hits you with a dagger of electrocution.
You are electrocuted!
Ouch! That really hurt!
You die...

.. ..................... .
#.##.##.##########.# #.
#.......# #.# #.###...#.##
# #.. #.......#.# ##.###
###...#.##. #..... #$....#
.# #####.
#.##.#..#####.### ####....
......hg@@....... .....#..
#......h############.#...†
#........ ...#.##..#
#......w.. ........(#
#........%. ..........
....######## #.#...))#
.... #...###†# ... ###.
#.. # #..


You could see Jessica, 2 jackals and a goblin.

Vanquished Creatures
  An adder (D:2)
  A dart slug (D:2)
  3 giant geckos (D:1)
  5 bats (D:1)
  6 goblins
  3 hobgoblins
  3 jackals (D:1)
  A ball python (D:2)
  A giant newt (D:1)
  6 kobolds
  5 rats (D:1)
35 creatures vanquished.

Notes
Turn   | Place    | Note
-------+----------+-------------------------------------------
     0 | D:1      | epen the Felid Monk began the quest for the Orb.
     0 | D:1      | Reached XP level 1. HP: 10/10 MP: 2/2
    50 | D:1      | Reached XP level 2. HP: 7/14 MP: 3/3
   514 | D:1      | Reached XP level 3. HP: 16/17 MP: 4/4
   765 | D:2      | Noticed Jessica
   778 | D:2      | Slain by Jessica

Vault maps used:
D:1:      tarquinn_simple_flora_water_e, minmay_pentomino_p2
D:2:      first_bread, nrook_loot_triangle, uniq_jessica

Skill      XL: |  1  2 |
---------------+-------+-----
Stealth        | 3 |  3.4
Fighting       | |  3.4
Dodging        | |  4.5
Unarmed Combat | |  3.7

Action                   || total
-------------------------++-------
Melee: Unarmed           ||    97
       Punch             ||     1
       Bite              ||     6
 Stab: Sleeping          ||     4
  Eat: Chunk             ||     6
Armor: Skin              ||     1
Dodge: Dodged            ||    80
